Map: Oblivion Express

Players

ZPR

  • Race: Zerg Zerg
  • League: Master
  • Spawn Location: 12:00

zpr

  • Race: Terran Terran
  • Spawn Location: 0:00

VOD

Have the link to the VOD?

Description

Time

  • Played on: Feb. 25, 2018, 4:57 a.m.
  • Length: 25:00
Show
View Real Time Build Order
Export as new Build Order

ZPR Zerg 

Build Orders:  

Get SALT Encoding   

  6  0:10  Drone x2  
  6  0:18  Drone x2  
  8  0:28  Drone x2  
  9  0:37  Extractor  
  8  0:40  Drone x2  
  8  0:49  Drone x2  
  10  1:11  Spawning Pool  
  10  1:17  Drone x2  
  11  1:29  Extractor  
  10  1:42  Baneling Nest  
  10  1:44  Swarmling x6  
  13  1:50  Overlord  
  13  2:07  Drone x2  
  14  2:17  Drone x2  
  14  2:18  Drone x2  
  16  2:24  Overlord  
  18  2:59  Hatchery  
  17  3:04  Drone x2  
  18  3:11  Drone x2  
  18  3:18  Drone x2  
  22  3:31  Drone x4  
  22  3:38  Drone x2  
  25  3:45  Drone x2  
  28  3:54  Drone x2  
  28  3:55  Extractor  
  28  3:56  Extractor  
  28  4:02  Drone x2  
  28  4:07  Centrifical Hooks  
  29  4:14  Overlord  
  29  4:16  Drone x2  
  32  4:23  Drone x2  
  33  4:32  Drone x4  
  35  4:43  Evolution Chamber  
  35  4:47  Lair  
  37  4:51  Metabolic Boost  
  37  5:05  Overlord  
  37  5:08  Overlord  
  39  5:26  Heroic Fortitude  
  41  5:51  Hardened Carapace  
  41  5:52  Hive  
  41  5:57  Corrosive Acid  
  43  6:26  Hatchery x2, Zerg Melee Weapons Level 1  
  42  6:40  Hatchery  
  43  6:58  Hatchery  
  43  7:02  Adrenal Overload  
  43  7:17  Scourge Nest  
  44  7:27  Rupture  
  44  7:37  Drone x2  
  44  7:38  Drone x8  
  44  7:39  Drone x2  
  50  7:41  Drone x2  
  50  7:46  Drone x2  
  54  8:02  Drone x4, Shredding Claws  
  56  8:12  Spine Crawler  
  56  8:14  Spine Crawler  
  59  8:53  Swarmling x3, Spine Crawler x2  
  59  8:54  Swarmling x27  
  59  8:55  Spine Crawler  
  59  8:59  Spine Crawler  
  72  9:11  Swarmling x3  
  72  9:12  Swarmling x9  
  72  9:14  Overlord x2  
  72  9:16  Zerg Melee Weapons Level 2  
  80  9:25  Simplified Genome  
  80  9:38  Artillery Ducts  
  80  9:47  Spine Crawler  
  80  9:48  Spine Crawler  
  81  10:00  Spore Crawler  
  81  10:06  Spore Crawler  
  81  10:08  Spore Crawler  
  80  10:10  Spore Crawler  
  81  10:27  Spine Crawler  
  81  10:28  Spine Crawler  
  81  10:29  Spine Crawler  
  80  10:38  Rapid Bombardment  
  80  10:45  Spine Crawler  
  80  10:48  Spine Crawler  
  80  10:49  Spine Crawler  
  80  10:50  Spine Crawler  
  80  10:51  Drone x2, Spine Crawler  
  80  10:52  Drone x2  
  83  11:41  Spine Crawler x2  
  83  11:43  Spine Crawler  
  75  12:05  Drone x2  
  75  12:06  Drone x8  
  74  12:13  Aberration x4  
  75  12:52  Bile Launcher  
  75  12:53  Bile Launcher  
  75  12:55  Bile Launcher  
  75  12:57  Bile Launcher x2  
  75  12:58  Bile Launcher  
  72  13:02  Bile Launcher  
  72  13:05  Bile Launcher  
  72  13:06  Pneumatized Carapace  
  72  13:08  Bile Launcher  
  69  13:16  Bile Launcher  
  67  13:50  Drone x6  
  67  13:51  Roach x4, Drone x2  
  67  13:52  Roach x14  
  67  13:53  Roach x2  
  67  13:56  Drone x4  
  74  14:37  Spine Crawler x3  
  72  14:44  Drone x2  
  72  14:46  Aberration x4  
  84  15:03  Swarmling x3  
  84  15:04  Swarmling x21  
  84  15:05  Swarmling x9  
  85  15:41  Spine Crawler  
  85  15:43  Spine Crawler  
  85  15:45  Spore Crawler  
  85  15:49  Spine Crawler  
  82  15:50  Spine Crawler  
  82  15:51  Spine Crawler  
  82  15:54  Spine Crawler  
  81  16:03  Overseer x2  
  81  16:04  Overseer  
  81  16:09  Bile Launcher  
  80  16:11  Drone x4, Bile Launcher  
  81  16:36  Virulent Spores  
  81  16:38  Scourge x4  
  81  16:39  Scourge x12  
  84  16:40  Scourge x4  
  84  16:49  Spine Crawler  
  87  16:51  Spine Crawler  
  87  16:52  Spine Crawler  
  87  16:55  Spine Crawler  
  87  16:56  Spine Crawler  
  87  16:58  Overlord, Roach x8  
  87  16:59  Roach x12  
  85  17:17  Overlord  
  85  17:19  Overlord  
  84  17:35  Scourge x10  
  84  17:36  Scourge x4  
  87  17:58  Aberration x4  
  75  18:00  Swarmling x3  
  75  18:01  Swarmling x27  
  75  18:02  Swarmling x3  
  72  18:23  Aberration x2  
  77  18:37  Zerg Melee Weapons Level 3  
  78  19:04  Drone x2  
  79  19:13  Swarmling x21  
  91  19:41  Spine Crawler  
  91  19:42  Spine Crawler  
  88  20:18  Swarmling x3  
  88  20:19  Swarmling x21  
  97  20:39  Swarmling x9  
  95  20:50  Scourge x4  
  95  20:51  Scourge x6  
  88  21:09  Swarmling x3  
  72  21:10  Swarmling x30  
  72  21:11  Swarmling x24  
  72  21:15  Scourge x6  
  72  21:16  Scourge x4  
  93  21:36  Overlord x2  
  90  21:46  Swarmling x3  
  90  21:47  Swarmling x9  
  90  21:48  Swarmling x3  
  89  21:51  Overlord x3  
  71  22:35  Scourge x4  
  71  22:36  Scourge x6  
  65  22:40  Swarmling x3  
  65  22:41  Swarmling x66  
  65  22:42  Swarmling x6  
  92  23:08  Roach x10  
  92  23:09  Roach x10  
  91  23:14  Corruptor  
  92  23:27  Swarmling x6  
Show
View Real Time Build Order
Export as new Build Order

zpr Terran 

Build Orders:  

Get SALT Encoding   

Tags
 
Commander
RaynorZagara
League
Master
Matchup
Co-op
Replay Pack
Co-op Speedrun
Add a new tag
Caveats
  • Supply blocks, unpowered buildings, or Contaminate may cause inaccurate times.
  • Supply counts are checked every 10 seconds.